 Dungeon Crawl Stone Soup version 0.30.1-11-g7821555f0a (webtiles) character file.

Game seed: 4121597278381650739

84 CrazyMind the Chiller (level 4, 0/31 HPs)
             Began as a Demonspawn Ice Elementalist on Nov 5, 2023.
             Slain by Sigmund
             ... wielding a +0 scythe
              (6 damage)
             ... on level 3 of the Dungeon.
             The game lasted 00:08:35 (2115 turns).

CrazyMind the Chiller (Demonspawn Ice Elementalist) Turns: 2115, Time: 00:08:36

Health: 0/31       AC:  9    Str:  8    XL:     4   Next: 24%
Magic:  2/8        EV: 17    Int: 19    God:
Gold:   101        SH:  0    Dex: 13    Spells: 2/9 levels left

rFire   + . .        g - +2 dagger (speed)
rCold   + . .        (no shield)
rNeg    . . .        a - +0 robe
rPois   +            (helmet restricted)
rElec   .            e - scarf {rC+ rF+}
rCorr   .            (no gloves)
SInv    .            k - +0 pair of boots
Will    .....        (no amulet)
Stlth   ++           h - ring of poison resistance
HPRegen 0.25/turn    p - +5 ring of evasion
MPRegen 0.11/turn

%: no passive effects
@: brilliant, ice-armoured, freezing walls
A: antennae 2, talons 1, screaming 1
a: no special abilities


You were on level 3 of the Dungeon.
You visited 1 branch of the dungeon, and saw 4 of its levels.

You collected 101 gold pieces.

Inventory:

Hand Weapons
 g - a +2 dagger of speed (weapon)
 n - a +1 dagger
Armour
 a - a +0 robe (worn)
 e - a scarf of resistance (worn)
 k - a +0 pair of boots (worn)
 m - a +0 leather armour
 q - a +0 buckler
Jewellery
 h - a ring of poison resistance (left hand)
 l - a ring of fire
 p - a +5 ring of evasion (right hand)
Scrolls
 c - 3 scrolls of identify
 d - 3 scrolls of vulnerability
 f - a scroll of blinking {unknown}
 j - a scroll of poison
 r - a scroll of acquirement {unknown}
Potions
 b - 2 potions of magic
 i - a potion of attraction
 s - a potion of brilliance


   Skills:
 + Level 0.4 Fighting
 + Level 1.7 Dodging
 + Level 2.0 Stealth
 * Level 3.0 Spellcasting
 * Level 4.5 Ice Magic


You had 2 spell levels left.
You knew the following spells:

 Your Spells              Type           Power      Damage    Failure   Level
a - Freeze                Ice            100%       1d10      2%          1
b - Frozen Ramparts       Ice            60%        1d10      7%          3
c - Ozocubu's Armour      Ice            30%        N/A       7%          3

Your spell library contained the following spells:

 Spells                   Type           Power      Damage    Failure   Level
 Sublimation of Blood     Necr           4%         N/A       22%         2
 Hailstorm                Conj/Ice       17%        3d6       19%         3
 Summon Ice Beast         Ice/Summ       17%        N/A       52%         4
 Animate Armour           Summ/Erth      8%         N/A       83%         4
 Petrify                  Tmut/Erth      4%         N/A       83%         4
 Blade Hands              Tmut           2%         N/A       99%         5
 Irradiate                Conj/Tmut      2%         3d12      99%         5
 Iron Shot                Conj/Erth      2%         9d2       100%        6


Dungeon Overview and Level Annotations

Branches:
Dungeon (4/15) Zot: 21889
 Temple: D:4-7

Altars:

Annotations:
D:3 Sigmund


Innate Abilities, Weirdness & Mutations

You have a pair of antennae on your head.
You have sharp toenails.
You occasionally shout uncontrollably at your foes.


Message History

There is an open door here.
A kobold comes into view.
It is wielding a +0 whip of venom and quivering poisoned darts.
The kobold shouts!
You hear a shout!
The kobold throws a poisoned dart.
The poisoned dart closely misses you.
The kobold throws a poisoned dart.
The poisoned dart closely misses you.
Sigmund the Dreaded comes into view.
He is wielding a +0 scythe and carrying a wand of roots (8).
Casting: Freeze (safe; 2% risk of failure)
Confirm with . or Enter, or press ? or * to list all spells.
The spell is quite dangerous to miscast (7% risk of failure)!
Continue anyway?
Casting: Frozen Ramparts (quite dangerous; 7% risk of failure)
Press: ? - help, Dir - look around, f - activate The walls around you are covered in ice.
The wall freezes Sigmund.
Sigmund hits you from afar with a +0 scythe!
The wall freezes the kobold but does no damage.
The kobold closely misses you.
You hit the kobold.
You kill the kobold!
The wall freezes Sigmund.
Sigmund hits you from afar with a +0 scythe.
Unknown command.
Unknown command.
Casting: Frozen Ramparts (quite dangerous; 7% risk of failure)
Confirm with . or Enter, or press ? or * to list all spells.
The spell is quite dangerous to miscast (7% risk of failure)!
Continue anyway?
A film of ice covers your body!
Unknown command.
The wall freezes Sigmund.
Sigmund casts a spell.
Sigmund flickers and vanishes!
Deactivating autopickup; reactivate with Ctrl-A.
The wall freezes something.
Something hits you.
The wall freezes something.
Something hits you!
* * * LOW HITPOINT WARNING * * *
It was a potion of brilliance.
You feel clever all of a sudden.
It was a potion of mutation.
You feel extremely strange.
You feel the urge to shout.
Your toenails lengthen and sharpen.
The wall freezes something.
Something hits you.
You die...

##.###
##<..♣
##...##
##.~~~~P
#.....#
#♣~~~PP
##...##
~P~~~
##.##
♣P~~~ #.#
~~~~
####.####
♣♣~~
#.......#
~P
#.##@##.#
# #)# {#
#.{ ####


There were no monsters in sight!

Vanquished Creatures
  4 adders (D:2)
  2 dart slugs
  6 orcs
  3 endoplasms
  A giant cockroach (D:2)
  3 goblins
  3 hobgoblins (D:2)
  5 ball pythons
  3 bats
  2 frilled lizards (D:2)
  5 kobolds
  3 rats (D:2)
40 creatures vanquished.

Notes
Turn   | Place    | Note
-------+----------+-------------------------------------------
     0 | D:1      | CrazyMind the Demonspawn Ice Elementalist began the quest
                  | for the Orb.
     0 | D:1      | Reached XP level 1. HP: 13/13 MP: 3/3
   479 | D:1      | Gained mutation: You have a pair of small antennae on your
                  | head. [demonic ancestry]
   479 | D:1      | Reached XP level 2. HP: 19/19 MP: 3/5
   625 | D:2      | Reached skill level 4 in Ice Magic
   981 | D:2      | Reached XP level 3. HP: 25/25 MP: 3/6
   985 | D:2      | Learned a level 3 spell: Frozen Ramparts
  1150 | D:2      | You fall into a shaft and drop 2 floors!
  1421 | D:2      | Learned a level 3 spell: Ozocubu's Armour
  1475 | D:2      | Found a faded altar of an unknown god.
  1841 | D:2      | Gained mutation: You have a pair of antennae on your head.
                  | [demonic ancestry]
  1841 | D:2      | Reached XP level 4. HP: 31/31 MP: 5/8
  2107 | D:3      | Noticed Sigmund
  2115 | D:3      | Gained mutation: You occasionally shout uncontrollably at
                  | your foes. [potion of mutation]
  2115 | D:3      | Gained mutation: You have sharp toenails. [potion of
                  | mutation]
  2115 | D:3      | Slain by Sigmund

Illustrated notes

Levels and vault maps discovered:
D:1:      scummos_arrival_star, layout_basic, minmay_misc_feat_tiny
D:2:      layout_loops_corners, shapermc_ecumenical_altar_gd,
          kennysheep_generic_room_4
D:3:      layout_loops_corners, amethyst_overflow_temple_binary,
          serial_bayou_lake_a, uniq_jessica, uniq_sigmund
D:4:      layout_rooms, gammafunk_ghost_smash, uniq_eustachio, uniq_grinder

Skill      XL: |  1  2  3  4 |
---------------+-------------+-----
Ice Magic      | 4 |  4.5
Stealth        | 2 |  2.0
Spellcasting   | 3 |  3.0
Fighting       | |  0.4
Dodging        | |  1.7

Action                     |  1- 3 |  4- 6 || total
---------------------------+-------+-------++-------
  Melee: Short sword       |     5 |       ||     5
         Dagger            |    17 |     3 ||    20
   Cast: Freeze            |    40 |     7 ||    47
         Frozen Ramparts   |     2 |     1 ||     3
         Ozocubu's Armour  |       |     1 ||     1
    Use: Scroll            |     5 |       ||     5
         Potion            |       |     2 ||     2
   Stab: Sleeping          |     4 |     1 ||     5
 Armour: Robe              |    11 |       ||    11
  Dodge: Dodged            |    17 |    11 ||    28
